 Dungeon Crawl Stone Soup version 0.32-a0-361-g289a535e89 (webtiles) character file.

Game seed: 14764150818486719737

151 ytrimaz the Chopper (level 5, -3/42 HPs)
             Began as a Coglin Gladiator on Feb 18, 2024.
             Splashed by a jelly's acid (7 damage)
             ... on level 4 of the Dungeon.
             The game lasted 00:03:05 (2183 turns).

ytrimaz the Chopper (Coglin Gladiator)              Turns: 2183, Time: 00:03:06

Health: -3/42      AC: -8    Str: 16    XL:     5   Next: 33%
Magic:  5/5        EV: 12    Int:  8    God:
Gold:   165        SH:  0    Dex: 15    Spells: 4/4 levels left

rFire   . . .        a - +0 war axe {Ferran}
rCold   . . .        h - +0 hand axe {Surjit}
rNeg    . . .        b - +0 leather armour
rPois   .            c - +0 helmet
rElec   .            (no cloak)
rCorr   .            (no gloves)
SInv    .            (no boots)
Will    .....        s - amulet of the acrobat
Stlth   +            (no ring)
HPRegen 0.27/turn    (no ring)
MPRegen 0.09/turn

%: acrobat
@: corroded, revving, stiff-legged, very slow
A: off-hand wielding, slow wielding, warmup strikes, warmup strides
a: no special abilities


You were on level 4 of the Dungeon.
You visited 1 branch of the dungeon, and saw 4 of its levels.

You collected 165 gold pieces.


Innate Abilities, Weirdness & Mutations

You can wield a second weapon in your off-hand.
It takes a long time for you to wield or remove held weapons.
Your first few attacks do less damage.
Your first movements take longer.


   Skills:
 + Level 3.7 Fighting
 + Level 4.3 Axes
 - Level 1.7 Throwing
 - Level 3.2 Dodging


You had 4 spell levels left.
You didn't know any spells.
Your spell library contained the following spells:

 Spells                   Type           Power      Damage    Failure   Level
 Sting                    Conj/Alch      0%         1d3       47%         1
 Summon Small Mammal      Summ           0%         N/A       47%         1
 Mercury Vapours          Alch/Air       0%         N/A       63%         2
 Call Canine Familiar     Summ           0%         N/A       85%         3
 Gell's Gravitas          Tloc           0%         N/A       85%         3
 Teleport Other           Tloc           0%         N/A       85%         3
 Olgreb's Toxic Radiance  Alch           0%         N/A       99%         4
 Summon Blazeheart Golem  Fire/Summ      0%         N/A       99%         4
 Dispersal                Tloc           0%         N/A       100%        6

Inventory:

Hand Weapons
 a - a +0 war axe (weapon) {Ferran}
 h - a +0 hand axe (worn) {Surjit}
   (You found it on level 1 of the Dungeon)
 o - a +2 heavy flail {Haeun}
   (You found it on level 3 of the Dungeon)
Missiles
 d - 3 throwing nets (quivered)
 e - a javelin
Armour
 b - a +0 leather armour (worn)
 c - a +0 helmet (worn)
Jewellery
 s - an amulet of the acrobat (around neck)
   (You found it on level 3 of the Dungeon)
Wands
 q - a wand of acid (7)
   (You found it on level 3 of the Dungeon)
Scrolls
 i - a scroll of enchant armour
 k - a scroll of immolation
 l - a scroll of fog
 p - 2 scrolls of poison
Potions
 g - a potion of ambrosia {unknown}
 j - a potion of curing {unknown}
 m - a potion of magic {unknown}
 n - a potion of might {unknown}
 r - a potion of lignification {unknown}

Dungeon Overview and Level Annotations

Branches:
Dungeon (4/15) Zot: 21683
 Temple: D:4-7

Altars:
Ashenzari
Dithmenos

Annotations:
D:4 1 runed translucent door

. ###########....
#..............
#..#.#####.#.......
#..#.......#.......
#..#.#...#.#.......
#..#.#._.#.#.......
#..#.#...#.#.......
#.@#.......#.......
#.J#.#####.#.......
#............##....
#....#####....#....
####.# ####.#....
..# #...... .##
##...... . #.......
##.......


You could see a jelly.


Message History

The ball python bites you but does no damage.
The ball python closely misses you.
You hit the ball python with your +0 hand axe.
You kill the ball python!
Things that are here:
a +0 whip; a kobold corpse No target in view!
Unknown command.
No target in view!
Found a faded altar of an unknown god.
Found a stone staircase leading up.
There is a stone staircase leading up here.
There is a stone staircase leading down here.
Key pressed, stopping explore.
No target in view!
Things that are here:
a +0 mace; a +0 scale mail
Things that are here:
a +0 dagger; an orc skeleton
There is a stone staircase leading down here.
You now have 165 gold pieces (gained 15).
Key pressed, stopping explore.
The air fills with toxic fumes!
As you read the scroll labelled IHODIA WEZESUE, it crumbles to dust.
It was a scroll of poison.
Unknown command.
As you read the scroll labelled KUTIDI QADA, it crumbles to dust.
It is a scroll of identify.
i - a scroll of enchant armour
As you read the scroll of identify, it crumbles to dust.
k - a scroll of immolation
As you read the scroll of identify, it crumbles to dust.
l - a scroll of fog
As you read the scroll labelled QIEH KIL EPNU, it crumbles to dust.
You feel strangely unstable.
It was a scroll of teleportation.
You start waiting.
Your surroundings suddenly seem different.
You start waiting.
Done waiting.
You enter the shallow water.
Moving in this stuff is going to be slow.
Done exploring.
Done exploring.
Done exploring.
There is a stone staircase leading down here.
You climb downwards.
There is a stone staircase leading up here.
Okay, then.
Unknown command.
You sense Yredelemnul urging you to kill the trapped human.
Found a runed translucent door.
You see here a +0 chain mail.
Key pressed, stopping explore.
Key pressed, stopping explore.
Found a shadowy altar of Dithmenos.
You pick up a There-And-Back Book and begin reading...
You add the spells Gell's Gravitas, Teleport Other and Dispersal to your library.
A jelly comes into view.
A jelly is nearby!
A jelly is nearby!
The jelly quivers.
The jelly hits you.
You are splashed with acid! 😮 HP[-12]
You take 12 damage, and now have 30/42 hp.
MASSIVE DAMAGE!! (PAUSE)
You hit the jelly but do no damage.
Your graspers burn!
You hit the jelly with your +0 hand axe.
Your graspers burn!
The jelly hits you but does no damage. 😮 HP[-6]
You take 6 damage, and now have 24/42 hp.
Unknown command.
You hit the jelly with your +0 war axe. The acid corrodes you!
Your graspers burn!
* * * LOW HITPOINT WARNING * * *
You hit the jelly with your +0 hand axe.
The acid corrodes you!
Your graspers burn!
* * * LOW HITPOINT WARNING * * *
The jelly completely misses you. 😨 HP[-8]
You take 8 damage, and now have 16/42 hp.
You slash the jelly with your +0 war axe!
Your graspers burn!
* * * LOW HITPOINT WARNING * * *
You hit the jelly but do no damage.
Your graspers burn!
* * * LOW HITPOINT WARNING * * *
The jelly closely misses you.
You are too injured to fight recklessly! 😱 HP[-6]
You take 6 damage, and now have 10/42 hp.
Unknown command.
You hit the jelly but do no damage. The acid corrodes you!
Your graspers burn!
* * * LOW HITPOINT WARNING * * *
You hit the jelly but do no damage.
Your graspers burn!
* * * LOW HITPOINT WARNING * * *
The jelly hits you.
* * * LOW HITPOINT WARNING * * *
You are splashed with acid!
You die...

Skill      XL: |  1  2  3  4 |
---------------+-------------+-----
Dodging        | 3 |  3.2
Fighting       | 3 |  3.7
Axes           | 4 |  4.3
Throwing       | |  1.7

Action                     |  1- 3 |  4- 6 || total
---------------------------+-------+-------++-------
  Melee: War axe           |    46 |    50 ||    96
         Hand axe          |    14 |    35 ||    49
         Flail             |       |    13 ||    13
    Use: Scroll            |       |     5 ||     5
   Stab: Sleeping          |     1 |       ||     1
 Armour: Leather armour    |    40 |    38 ||    78
  Dodge: Dodged            |    29 |    53 ||    82

Levels and vault maps discovered:
D:1:      minmay_arrival_doors, layout_basic
D:2:      layout_basic, basic_altar
D:3:      layout_loops_ring, shapermc_ecumenical_altar_acropolis,
          minmay_misc_feat_five, minmay_between
D:4:      layout_cave_pods, kennysheep_little_box, dk_yredelemnul_ordeal,
          nicolae_overflow_hidden_temple, mainiacjoe_overflow_cross_hatched,
          mainiacjoe_overflow_alcove_1

Notes
Turn   | Place    | Note
-------+----------+-------------------------------------------
     0 | D:1      | ytrimaz the Coglin Gladiator began the quest for the Orb.
     0 | D:1      | Reached XP level 1. HP: 16/16 MP: 1/1
     0 | D:1      | magus.rc [v1.9.6]
    92 | D:1      | You pick up a book of Callings and begin reading...
    92 | D:1      | You add the spells Summon Small Mammal, Call Canine
                  | Familiar and Summon Blazeheart Golem to your library.
   124 | D:1      | Reached XP level 2. HP: 16/22 MP: 2/2
   209 | D:1      | Reached skill level 3 in Dodging
   341 | D:1      | Reached XP level 3. HP: 26/28 MP: 3/3
   671 | D:2      | Reached skill level 3 in Fighting
   671 | D:2      | Reached XP level 4. HP: 34/35 MP: 4/4
   861 | D:2      | Found a broken altar of Ashenzari.
  1034 | D:2      | You add the spells Sting, Mercury Vapours and Olgreb's
                  | Toxic Radiance to your library.
  1054 | D:3      | Reached skill level 4 in Axes
  1230 | D:3      | Reached XP level 5. HP: 32/41 MP: 5/5
  1765 | D:3      | Found a faded altar of an unknown god.
  2070 | D:4      | Found a runed translucent door.
  2070 | D:4      | Noticed a human
  2149 | D:4      | Found a shadowy altar of Dithmenos.
  2169 | D:4      | You add the spells Gell's Gravitas, Teleport Other and
                  | Dispersal to your library.
  2182 | D:4      | HP: 9/42 [acid (4)]
  2183 | D:4      | HP: 4/42 [jelly (2)]
  2183 | D:4      | Splashed by a jelly's acid

Vanquished Creatures
  A gnoll (D:3)
  5 adders
  3 ribbon worms (D:3)
  A dart slug (D:3)
  3 orcs (D:3)
  3 ball pythons
  3 endoplasms
  2 giant cockroaches
  4 goblins
  4 hobgoblins
  4 jackals (D:1)
  5 kobolds
  2 quokkas
  3 bats
  3 frilled lizards (D:2)
  4 rats
50 creatures vanquished.

Table legend:
 A = Non-vault XP
 B = Vault XP
 C = Vault XP percentage of total XP
 D = Non-vault monster count
 E = Vault monster count
 F = Vault count percentage of total count
                 A         B        C        D         E       F
            +---------+---------+-------+---------+---------+-------
      Total |     191 |      26 |  12.0 |      46 |       4 |   8.0
            +---------+---------+-------+---------+---------+-------
        D:1 |      35 |       0 |   0.0 |      13 |       0 |   0.0
        D:2 |      95 |       0 |   0.0 |      19 |       0 |   0.0
        D:3 |      61 |      26 |  29.9 |      14 |       4 |  22.2
            +---------+---------+-------+---------+---------+-------

Skill      XL: |  1  2  3  4 |
---------------+-------------+-----
Dodging        | 3 |  3.2
Fighting       | 3 |  3.7
Axes           | 4 |  4.3
Throwing       | |  1.7

Action                     |  1- 3 |  4- 6 || total
---------------------------+-------+-------++-------
  Melee: War axe           |    46 |    50 ||    96
         Hand axe          |    14 |    35 ||    49
         Flail             |       |    13 ||    13
    Use: Scroll            |       |     5 ||     5
   Stab: Sleeping          |     1 |       ||     1
 Armour: Leather armour    |    40 |    38 ||    78
  Dodge: Dodged            |    29 |    53 ||    82

Illustrated notes

Table legend:
 A = Kills in this place as a percentage of kills in the entire game.
 B = Kills by you in this place as a percentage of kills by you in the entire game.
 C = Kills by friends in this place as a percentage of kills by friends in the entire game.
 D = Other kills in this place as a percentage of other kills in the entire game.
 E = Experience gained in this place as a percentage of experience gained in the entire game.
 F = Experience gained in this place divided by the number of levels of this place that you have seen.
                   A       B       C       D       E      F
               +-------+-------+-------+-------+-------+----------------------
         Total | 100.0 | 100.0 |   N/A |   N/A | 100.0 |  54.2
       Dungeon | 100.0 | 100.0 |   N/A |   N/A | 100.0 |  54.2
               +-------+-------+-------+-------+-------+----------------------

Table legend: (Time is in decaauts)
 A = Elapsed time spent in this place.
 B = Non-inter-level travel time spent in this place.
 C = Inter-level travel time spent in this place.
 D = Time resting spent in this place.
 E = Time spent auto-exploring this place.
 F = Levels seen in this place.
 G = Mean time per level.
                   A        B        C        D        E       F      G
               +--------+--------+--------+--------+--------+-----+--------+
         Total |   2315 |   2225 |     90 |    102 |   1665 |   4 |  578.8 |
       Dungeon |   2315 |   2225 |     90 |    102 |   1665 |   4 |  578.8 |
               +--------+--------+--------+--------+--------+-----+--------+

Top non-repeatable levels by time:
     D:3: 1076 daAuts
     D:2: 690 daAuts
     D:1: 433 daAuts
     D:4: 115 daAuts
